 Dungeon Crawl Stone Soup version 0.22.1-2-g9c5b331 (console) character file.

126 bli the Ruffian (level 5, -6/45 HPs)
             Began as a Ghoul Warper on Nov 15, 2018.
             Mangled by a bullfrog (8 damage)
             ... on level 3 of the Dungeon.
             The game lasted 00:09:59 (2658 turns).

bli the Ruffian (Ghoul Warper)                      Turns: 2658, Time: 00:10:00

Health: -6/45      AC:  3    Str: 15    XL:     5   Next: 10%
Magic:  6/6        EV: 12    Int:  8    God:
Gold:   190        SH:  0    Dex:  9    Spells: 7/7 levels left

rFire    . . .     SeeInvis +     - Unarmed
rCold    + . .     Gourm    .   (no shield)
rNeg     + + +     Faith    .   a - +0 leather armour
rPois    ∞         Spirit   .   (no helmet)
rElec    .         Reflect  .   (no cloak)
rCorr    .         Harm     .   (no gloves)
MR       .....                  (no boots)
Stlth    +.........             (no amulet)
HPRegen  0.00/turn              g - ring of see invisible
MPRegen  0.10/turn              (no ring)

@: rotting
A: rotting body, claws 1, carnivore, cold resistance 1, negative energy
resistance 3, inhibited regeneration, torment resistance, unbreathing
a: no special abilities


You were on level 3 of the Dungeon.
You were not hungry.

You visited 1 branch of the dungeon, and saw 3 of its levels.

You collected 190 gold pieces.

Inventory:

Hand Weapons
 b - a +0 hunting sling
 q - a +1 falchion of slicing
 u - a +1 hand axe of venom
Missiles
 d - 4 tomahawks of dispersal
 e - 97 stones
 m - 2 tomahawks (quivered)
Armour
 a - a +0 leather armour (worn)
Jewellery
 g - a ring of see invisible (left claw)
Scrolls
 c - a scroll of blinking
 h - a scroll of noise {unknown}
 i - 3 scrolls of identify {unknown}
 k - a scroll of fog {unknown}
 l - 3 scrolls of magic mapping {unknown}
 o - a scroll of amnesia {unknown}
 s - a scroll of immolation {unknown}
 w - a scroll of teleportation {unknown}
Potions
 j - a potion of might {unknown}
 n - a potion of heal wounds {unknown}
 p - 2 potions of flight {unknown}
 r - a potion of brilliance {unknown}
 t - a potion of agility {unknown}
 x - a potion of invisibility {unknown}
Comestibles
 f - 10 rations
 v - 6 chunks of flesh


   Skills:
 * Level 3.0 Fighting
 - Level 1.0 Throwing
 - Level 1.0 Armour
 + Level 2.0 Dodging
 + Level 1.5 Stealth
 + Level 4.6 Unarmed Combat
 + Level 1.7 Spellcasting
   Level 2.6 Translocations


You had 7 spell levels left.
You didn't know any spells.
Your spell library contained the following spells:

 Spells                   Type           Power        Failure   Level  Hunger
 Blink                    Tloc           N/A          22%         2    ###....
 Shroud of Golubria       Chrm/Tloc      #.........   36%         2    ###....
 Gell's Gravitas          Tloc           #.........   41%         3    ####...
 Lesser Beckoning         Tloc           #.........   41%         3    ####...
 Teleport Other           Tloc           #.......     41%         3    ####...
 Passage of Golubria      Tloc           N/A          83%         4    #####..


Dungeon Overview and Level Annotations

Branches:
Dungeon (3/15)

Altars:

Annotations:
D:3 1 transporter


Innate Abilities, Weirdness & Mutations

Your body is rotting away.
You thrive on raw meat.
You are immune to poison.
You have sharp fingernails.
You are carnivorous and can eat meat at any time.
Your flesh is cold resistant. (rC+)
You are immune to negative energy. (rN+++)
You do not regenerate when monsters are visible.
You are immune to unholy pain and torment.
You can survive without breathing.


Message History

You closely miss the bullfrog.
The bullfrog is lightly wounded.
The bullfrog hits you!
You claw the bullfrog!
The bullfrog is heavily wounded.
The bullfrog hits you. x2
* * * LOW HITPOINT WARNING * * *
You closely miss the bullfrog.
The bullfrog is heavily wounded.
The bullfrog hits you.
* * * LOW HITPOINT WARNING * * *
You scratch the bullfrog.
The bullfrog is severely wounded.
The bullfrog completely misses you.
You scratch the bullfrog.
The bullfrog is severely wounded.
The bullfrog hits you!
* * * LOW HITPOINT WARNING * * *
The bullfrog hits you!
You die...

#..#+####'######
#<######.#....#......#
..............#..#....
#########.#........#.#.#
≈≈≈≈≈#P8#.#.......##.#.#
≈PP≈≈#..#..#......##.#(#
≈♣≈≈≈+$©#©........##.#.#
≈P≈≈;#..#.........##.#.#
≈≈≈;;#P8#.##......##.#.#
#########.##.........#.#
......F@..##..###.####.#
.....#######......# #.#
.... +.......#.##.# #.#
. . #######.#.##.# #.#
#.#.##.# #.# #.#.##.#
#.# #.#.##.# #.#
#......# #.#
####.#.####.#
.............#
#####.#.######


You could see a bullfrog and 3 electric eels.

Vanquished Creatures
  A worker ant (D:3)
  Terence (D:2)
  An adder (D:3)
  An adder zombie (D:3)
  An adder skeleton (D:2)
  A worm (D:2)
  3 leopard geckos
  2 orcs
  5 bats
  2 giant cockroaches
  4 goblins
  6 hobgoblins
  8 jackals
  7 kobolds
  6 frilled lizards
  2 rats
51 creatures vanquished.

Notes
Turn   | Place    | Note
-------+----------+-------------------------------------------
     0 | D:1      | bli the Ghoul Warper began the quest for the Orb.
     0 | D:1      | Reached XP level 1. HP: 17/17 MP: 2/2
   276 | D:1      | Reached XP level 2. HP: 22/24 MP: 3/3
   284 | D:1      | Reached skill level 1 in Armour
   674 | D:1      | Reached skill level 3 in Unarmed Combat
   906 | D:1      | Reached XP level 3. HP: 20/29 MP: 4/4
  1548 | D:2      | Noticed Terence
  1568 | D:2      | Reached skill level 1 in Stealth
  1572 | D:2      | Killed Terence
  1572 | D:2      | Reached skill level 1 in Throwing
  1572 | D:2      | Reached XP level 4. HP: 5/37 MP: 5/5
  1593 | D:2      | Reached skill level 4 in Unarmed Combat
  2388 | D:3      | Reached XP level 5. HP: 44/44 MP: 6/6
  2512 | D:3      | Found a transporter.
  2658 | D:3      | HP: 2/45 [bullfrog (8)]
  2658 | D:3      | Mangled by a bullfrog

Skill      XL: |  1  2  3  4  5 |
---------------+----------------+-----
Armour         | 1 |  1.0
Dodging        | 2 |  2.0
Unarmed Combat | 3 4 |  4.6
Stealth        | 1 |  1.5
Throwing       | 1 |  1.0
Fighting       | 3 |  3.0
Spellcasting   | |  1.7
Translocations | |  2.6

Action                   |  1- 3 |  4- 6 || total
-------------------------+-------+-------++-------
Melee: Unarmed           |   123 |    73 ||   196
       Punch             |     1 |       ||     1
Throw: Tomahawk          |     8 |     1 ||     9
  Eat: Chunk             |     8 |     4 ||    12
Armor: Leather armour    |    31 |    14 ||    45
Dodge: Dodged            |    70 |    38 ||   108
